 Dungeon Crawl Stone Soup version 0.21-a0-110-g8e1637b (webtiles) character file.

232 MackTheKnife the Magician (level 5, -6/28 HPs)
             Began as a Deep Elf Wizard on July 9, 2017.
             Mangled by a gnoll
             ... wielding a +0 flail
              (15 damage)
             ... on level 3 of the Dungeon.
             The game lasted 00:05:19 (2867 turns).

MackTheKnife the Magician (Deep Elf Wizard)         Turns: 2867, Time: 00:05:19

Health: -6/28      AC: 13    Str:  4    XL:     5   Next: 73%
Magic:  0/16       EV: 11    Int: 24    God:
Gold:   125        SH:  3    Dex: 13    Spells: 9/18 levels left

rFire    . . .     SeeInvis .   e - +1 dagger (protect)
rCold    . . .     Gourm    .   (no shield)
rNeg     . . .     Faith    .   s - +0 leather armour
rPois    .         Spirit   .   b - +0 hat
rElec    .         Reflect  +   (no cloak)
rCorr    .         Harm     .   q - +2 pair of gloves
MR       .....                  (no boots)
Stlth    ++........             a - +3 amulet of reflection
HPRegen  0.09/turn              (no ring)
MPRegen  0.15/turn              (no ring)

@: protection aura
A: no striking features
a: no special abilities


You were on level 3 of the Dungeon.
You were not hungry.

You visited 1 branch of the dungeon, and saw 3 of its levels.

You collected 125 gold pieces.

Inventory:

Hand Weapons
 e - a +1 dagger of protection (weapon)
   (You took it off an orc wizard on level 2 of the Dungeon)
Armour
 b - a +0 hat (worn)
 q - a +2 pair of gloves (worn)
   (You found it on level 1 of the Dungeon)
 s - a +0 leather armour (worn)
   (You found it on level 1 of the Dungeon)
Jewellery
 a - a +3 amulet of reflection (around neck)
   (You found it on level 2 of the Dungeon)
Scrolls
 f - a scroll of remove curse
 g - 3 scrolls of identify {unknown}
 j - a scroll of enchant armour
 l - a scroll of random uselessness {unknown}
 o - a scroll of fog {unknown}
Potions
 h - a potion of haste {unknown}
 i - 2 potions of heal wounds {unknown}
 k - 2 potions of degeneration {unknown}
 m - a potion of cancellation {unknown}
 p - a potion of flight {unknown}
Books
 c - a book of Minor Magic
Comestibles
 d - a bread ration {@e1}
 n - a meat ration {@e2}
 r - 4 fruits


   Skills:
 - Level 2.4 Dodging
 - Level 2.4 Stealth
 + Level 7.1 Spellcasting
 + Level 4.2 Conjurations
 - Level 1.1 Summonings
   Level 1.1 Translocations


You had 9 spell levels left.
You knew the following spells:

 Your Spells              Type           Power        Failure   Level  Hunger
a - Conjure Flame         Conj/Fire      ###.....     16%         3    None
c - Call Imp              Summ           ##......     12%         2    None
x - Mephitic Cloud        Conj/Pois/Air  ###.....     22%         3    None
z - Magic Dart            Conj           ####         2%          1    None


Dungeon Overview and Level Annotations

Branches:
Dungeon (3/15)

Altars:


Message History

No target in view!
No target in view!
Eating a chunk of flesh {@w0}.
You eat the chunk of flesh {@w0}.
You now have 125 gold pieces (gained 7).
g - 3 scrolls labeled FUAN WU UPTA (gained 1)
m - a fizzy golden potion A gnoll comes into view.
It is wielding a spear.
A gnoll is nearby!
Aim: a gnoll, wielding a spear (hasn't noticed you)
The magic dart hits the gnoll.
The gnoll shouts!
You now have 15/16 mp.
Aim: a gnoll, wielding a spear (lightly wounded)
The magic dart hits the gnoll.
You now have 14/16 mp.
Aim: a gnoll, wielding a spear (lightly wounded)
The magic dart hits the gnoll.
A gnoll comes into view. It is wielding a flail.
You now have 13/16 mp.
Aim: a gnoll, wielding a spear (severely wounded)
The magic dart hits the gnoll.
The gnoll shouts!
A gnoll comes into view. It is wielding a flail.
You now have 12/16 mp.
Aim: a gnoll, wielding a spear (severely wounded)
The magic dart hits the gnoll.
The gnoll shouts!
You now have 11/16 mp.
Aim: a gnoll, wielding a spear (almost dead)
The magic dart hits the gnoll.
You kill the gnoll!
Your Spellcasting skill increases to level 7!
You now have 10/16 mp.
Aim: a gnoll, wielding a flail The ball explodes into a vile cloud!
The stinking cloud engulfs the gnoll. x2
The gnoll is engulfed in noxious fumes.
The gnoll appears confused.
An adder comes into view.
You now have 8/16 mp.
Aim: a gnoll, wielding a flail (noxious fumes, lightly wounded, confused)
The magic dart hits the gnoll.
The adder hisses angrily.
The gnoll is engulfed in noxious fumes.
The gnoll appears confused.
You now have 7/16 mp.
Aim: a gnoll, wielding a flail (heavily wounded, confused)
The magic dart hits the gnoll.
You now have 6/16 mp.
Aim: a gnoll, wielding a flail (almost dead, confused)
The magic dart hits the gnoll.
You kill the gnoll!
Aim: a gnoll, wielding a flail The magic dart hits the gnoll.
You now have 4/16 mp.
Aim: a gnoll, wielding a flail (heavily wounded)
The magic dart hits the gnoll.
You now have 3/16 mp.
Aim: a gnoll, wielding a flail (heavily wounded)
The magic dart hits the gnoll.
You block the adder's attack. The adder bites you.
You are poisoned.
The adder poisons you!
You take 5 damage, and have 23/28 hp.
You now have 2/16 mp.
Aim: a gnoll, wielding a flail (heavily wounded)
Okay, then.
You feel sick.
You take 1 damage, and have 22/28 hp.
You feel sick. The adder closely misses you.
You take 1 damage, and have 21/28 hp.
You hit the adder.
Your weapon exudes an aura of protection.
The adder barely misses you.
You feel sick. The adder closely misses you.
You take 1 damage, and have 21/28 hp.
The adder bites you but does no damage.
Aim: a gnoll, wielding a flail (heavily wounded)
The magic dart hits the adder.
The adder bites you.
You take 3 damage, and have 18/28 hp.
You now have 3/16 mp.
Aim: a gnoll, wielding a flail (heavily wounded)
The magic dart hits the adder.
You feel sick. The adder bites you but does no damage.
You take 1 damage, and have 17/28 hp.
You now have 2/16 mp.
Aim: a gnoll, wielding a flail (heavily wounded)
The magic dart hits the adder.
You kill the adder!
You now have 1/16 mp.
Aim: a gnoll, wielding a flail (heavily wounded)
The magic dart hits the gnoll.
The gnoll barely misses you.
Aim: a gnoll, wielding a flail (severely wounded)
The magic dart hits the gnoll.
The gnoll hits you with a flail!
You take 7 damage, and have 10/28 hp.
MASSIVE DAMAGE!!
You now have 0/16 mp.
You aren't carrying any items that you can evoke.
Unknown command.
You hit the gnoll but do no damage.
Your weapon exudes an aura of protection.
You feel sick.
You are no longer poisoned.
The gnoll hits you with a flail!
Ouch! That really hurt!
You die...

.#....#..###.#####..#
..................#.#####
..#'#.#.###..#.#........#######
#.#.#.....#..#.#..............#
#.#.#.#...####................#
#.#.#......w...w...g..........#
#.#.#.....####.#.####.........#
...............#g# ##........#
#..............#@# #........# #
##.........##.##.# #...)....###
##.........##....# ##)##.)....#
.#.........##.#### #.##).....'
.#########..#.# #.##......# .#
##.### #.##..[.>.# .# ######.##
#.##......#
.#####.......##########..#...<..#
(......#####.##.....>..#.#....).#


You could see a worm and a gnoll.

Vanquished Creatures
  An orc priest (D:3)
  2 orc wizards
  2 gnolls (D:3)
  5 adders
  A worm (D:3)
  A dart slug (D:1)
  3 leopard geckos
  6 orcs (D:3)
  A ball python (D:3)
  3 giant cockroaches
  7 goblins
  9 hobgoblins
  3 jackals (D:2)
  A quokka (D:1)
  6 bats
  7 frilled lizards
  8 kobolds
  7 rats
73 creatures vanquished.

Notes
Turn   | Place    | Note
-------+----------+-------------------------------------------
     0 | D:1      | MackTheKnife the Deep Elf Wizard began the quest for the Orb.
     0 | D:1      | Reached XP level 1. HP: 10/10 MP: 7/7
   177 | D:1      | Reached XP level 2. HP: 15/15 MP: 5/9
   183 | D:1      | Learned a level 2 spell: Call Imp
   326 | D:1      | Reached skill level 5 in Spellcasting
   569 | D:1      | Reached skill level 2 in Conjurations
   822 | D:1      | You fall through a shaft!
   848 | D:2      | Reached XP level 3. HP: 8/19 MP: 6/11
  1133 | D:1      | Learned a level 3 spell: Conjure Flame
  1137 | D:1      | Learned a level 3 spell: Mephitic Cloud
  1504 | D:2      | Reached XP level 4. HP: 24/24 MP: 9/13
  1981 | D:2      | Reached skill level 6 in Spellcasting
  1987 | D:2      | Reached skill level 3 in Conjurations
  2536 | D:2      | Reached XP level 5. HP: 28/28 MP: 6/16
  2617 | D:3      | Reached skill level 4 in Conjurations
  2844 | D:3      | Reached skill level 7 in Spellcasting
  2867 | D:3      | Mangled by a gnoll

Vault maps used:
D:1:      dpeg_arrival_solitude
D:2:      hex_medium
D:3:      old_standard_altar, first_bread

Skill      XL: |  1  2  3  4  5 |
---------------+----------------+-----
Spellcasting   | 5 6 7 |  7.1
Conjurations   | 2 3 4 |  4.2
Dodging        | |  2.4
Stealth        | |  2.4
Summonings     | |  1.1
Translocations | |  1.1

Action                   |  1- 3 |  4- 6 || total
-------------------------+-------+-------++-------
Melee: Whip              |    15 |       ||    15
       Dagger            |       |     5 ||     5
 Cast: Magic Dart        |    77 |    96 ||   173
       Conjure Flame     |       |     3 ||     3
       Mephitic Cloud    |       |     4 ||     4
  Use: Scroll            |     3 |       ||     3
 Stab: Distracted        |       |     1 ||     1
  Eat: Chunk             |     1 |     5 ||     6
Armor: Robe              |     2 |       ||     2
       Leather armour    |     3 |     9 ||    12
Dodge: Dodged            |    23 |    12 ||    35
Block: Other             |     2 |     4 ||     6
       Reflection        |       |     1 ||     1

Vault maps used:
D:1:      dpeg_arrival_solitude
D:2:      hex_medium
D:3:      old_standard_altar, first_bread

Table legend:
 A = Turns spent in this place as a percentage of turns spent in the entire game.
 B = Non-inter-level travel turns spent in this place as a percentage of non-inter-level travel turns spent in the entire game.
 C = Inter-level travel turns spent in this place as a percentage of turns spent in this place.
 D = Turns resting spent in this place as a percentage of non-inter-level travel turns spent in this place.
 E = Turns spent auto-exploring this place as a percentage of non-inter-level travel turns spent in this place.
 F = Non-inter-level travel turns spent in this place divided by the number of levels of this place that you've seen.
                   A       B       C       D       E      F
               +-------+-------+-------+-------+-------+----------------------
         Total | 100.0 | 100.0 |   0.5 |   4.9 |  14.5 | 243.0
       Dungeon | 100.0 | 100.0 |   0.5 |   4.9 |  14.5 | 243.0
               +-------+-------+-------+-------+-------+----------------------

Table legend:
 A = Kills in this place as a percentage of kills in entire the game.
 B = Kills by you in this place as a percentage of kills by you in the entire game.
 C = Kills by friends in this place as a percentage of kills by friends in the entire game.
 D = Other kills in this place as a percentage of other kills in the entire game.
 E = Experience gained in this place as a percentage of experience gained in the entire game.
 F = Experience gained in this place divided by the number of levels of this place that you have seen.
                   A       B       C       D       E      F
               +-------+-------+-------+-------+-------+----------------------
         Total | 100.0 | 100.0 |  -nan |  -nan | 100.0 | 110.7
       Dungeon | 100.0 | 100.0 |  -nan |  -nan | 100.0 | 110.7
               +-------+-------+-------+-------+-------+----------------------
